 Dungeon Sprint DCSS version 0.24-a0-536-gdd4cf15 (webtiles) character file.

Game seed: 4680105203185433292

8684 Faca the Warrior (level 11, -2/121 HPs)
             Began as a Minotaur Fighter on Aug 13, 2019.
             Was a Priest of Uskayaw.
             Killed by divine providence
             ... invoked by an orc high priest
              (12 damage)
             ... in the Dungeon (Sprint IX: "|||||||||||||||||||||||||||||").
             The game lasted 00:04:38 (1855 turns).

Faca the Warrior (Minotaur Fighter)                 Turns: 1855, Time: 00:04:39

Health: -2/121     AC: 13    Str: 23    XL:     11   Next: 13%
Magic:  19/19      EV:  8    Int:  5    God:    Uskayaw [***...]
Gold:   0          SH: 10    Dex: 14    Spells: 10/10 levels left

rFire    . . .     SeeInvis .   q - +2 scimitar (flame)
rCold    . . .     Gourm    .   c - +0 shield
rNeg     . . .     Faith    .   s - +2 ring mail
rPois    .         Spirit   .   (helmet restricted)
rElec    .         Reflect  .   z - +0 cloak
rCorr    .         Harm     .   a - +0 pair of gloves
MR       .....     NoTele   +   r - +0 pair of boots
Stlth    +.........             (no amulet)
HPRegen  0.30/turn              b - +3 ring of dexterity
MPRegen  0.16/turn              t - +2 ring of protection

@: no status effects
A: retaliatory headbutt, horns 2
a: Stomp, Line Pass, Renounce Religion


You were in the Dungeon.
You worshipped Uskayaw.
Uskayaw was pleased with you.
You were not hungry.

You visited 1 branch

Inventory:

Hand Weapons
 p - the +2 rapier "Transmigrator" {freeze, rN+}
   (You found it in the Dungeon)

   It has been specially enchanted to freeze those struck by it, causing extra
   injury to most foes and up to half again as much damage against particularly
   susceptible opponents.
   It can also slow down cold-blooded creatures.
   It protects you from negative energy.
 q - a +2 scimitar of flaming (weapon)
 v - a +3 dagger of venom
Armour
 a - a +0 pair of gloves (worn)
 c - a +0 shield (worn)
 r - a +0 pair of boots (worn)
 s - a +2 ring mail (worn)
 z - a +0 cloak (worn)
Jewellery
 b - a +3 ring of dexterity (left hand)
 t - a +2 ring of protection (right hand)
Wands
 o - a wand of iceblast (10)
Scrolls
 k - 4 scrolls of blinking
 m - 4 scrolls of remove curse
 n - 2 scrolls of amnesia
 u - 2 scrolls of enchant armour
 w - 2 scrolls of enchant weapon
 x - a scroll of fog
 y - a scroll of identify
Potions
 d - a potion of might
 e - 6 potions of curing
 g - 7 potions of heal wounds
 h - 2 potions of haste
 i - 4 potions of magic
 j - a potion of berserk rage
 l - a potion of invisibility
Comestibles
 f - 11 rations


   Skills:
 + Level 18.9 Fighting
 + Level 18.7 Long Blades
 - Level 3.6 Armour
 - Level 3.6 Shields
 + Level 13.3 Invocations


You had 10 spell levels left.
You didn't know any spells.
Your spell library was empty.

Dungeon Overview and Level Annotations

Branches:
Dungeon (1/1)

Altars:
Cheibriados
Dithmenos
Elyvilon
Fedhas
Gozag
Hepliaklqana
Kikubaaqudgha
Makhleb
Nemelex Xobeh
Okawaru
Qazlal
Ru
Sif Muna
Trog
Uskayaw
Vehumet
Wu Jian
Xom
Yredelemnul
Zin
The Shining One
Beogh
Jiyva
Lugonu


Innate Abilities, Weirdness & Mutations

You reflexively headbutt those who attack you in melee.
You have a pair of horns on your head.


Message History

You hit the orc knight. You burn the orc knight.
The orc knight is heavily wounded.
The helpless orc knight fails to defend itself.
You hit the orc knight. You burn the orc knight.
The orc knight is severely wounded.
The orc priest is no longer paralysed.
The orc knight is no longer paralysed.
You closely miss the orc knight.
The orc knight is severely wounded.
The orc warrior is no longer paralysed.
The orc warrior hits you but does no damage.
The orc knight barely misses you.
You riposte.
You hit the orc knight. You burn the orc knight.
Your headbutt misses the orc knight.
The orc knight is severely wounded.
You slash the orc knight! You burn the orc knight.
You headbutt the orc knight, but do no damage.
The orc knight is almost dead.
You block the orc warrior's attack.
The orc high priest calls down the wrath of Beogh upon you.
Beogh smites you!
You die...

▓▓▓▓▓▓▓▓▓▓▓▓▓▓▓▓▓▓▓▓▓▓▓
▓<...).....'†)...'_____
▓▓▓▓▓▓▓▓▓▓▓▓▓▓▓▓▓▓▓▓▓▓▓
▓......................
▓.▓▓▓▓▓▓▓▓▓▓▓▓▓▓▓▓▓▓▓▓▓
▓.......'.....[)......†
▓▓▓▓▓▓▓▓▓▓▓▓▓▓▓▓▓▓▓▓▓▓▓
▓.oooo@................
▓o▓▓▓▓▓▓▓▓▓▓▓▓▓▓▓▓▓▓▓▓▓
▓...o...o.....'$$oooo
▓▓▓▓▓▓▓▓▓▓▓▓▓▓▓▓▓▓▓▓▓


You could see an orc knight, an orc high priest, an orc warrior, an orc priest
and an orc wizard.

Vanquished Creatures
  Josephine (D)
  A hydra (D)
  A two-headed ogre (D)
  Sonja (D)
  An ugly thing (D)
  Psyche (D)
  3 spiny frogs (D)
  A torpor snail (D)
  3 komodo dragons (D)
  2 tyrant leeches (D)
  5 blink frogs (D)
  4 wraiths (D)
  A wyvern (D)
  2 vampire mosquitoes (D)
  3 porcupines (D)
  A necrophage (D)
  A centaur (D)
  4 crocodiles (D)
  4 bullfrogs (D)
  A scorpion (D)
  A jelly (D)
  2 hounds (D)
  2 orc wizards (D)
  A dart slug (D)
  2 giant cockroaches (D)
  2 hobgoblins (D)
  A jackal (D)
  A quokka (D)
  A ball python (D)
  A bat (D)
55 creatures vanquished.

Notes
Turn   | Place    | Note
-------+----------+-------------------------------------------
     0 | D        | Faca the Minotaur Fighter began the quest for the Orb.
     0 | D        | Reached XP level 1. HP: 19/19 MP: 0/0
    35 | D        | Noticed a hound
    35 | D        | Noticed an orc wizard
    38 | D        | Reached skill level 5 in Fighting
    38 | D        | Reached XP level 2. HP: 29/29 MP: 1/1
    47 | D        | Reached XP level 3. HP: 33/38 MP: 2/2
    60 | D        | Reached XP level 4. HP: 14/47 MP: 3/3
    65 | D        | Found a roughly hewn altar of Beogh.
    65 | D        | Found a snail-covered altar of Cheibriados.
    65 | D        | Found a shadowy altar of Dithmenos.
    65 | D        | Found a white marble altar of Elyvilon.
    65 | D        | Found a blossoming altar of Fedhas.
    65 | D        | Found an opulent altar of Gozag.
    66 | D        | Found a hazy altar of Hepliaklqana.
    67 | D        | Found a viscous altar of Jiyva.
    68 | D        | Found an ancient bone altar of Kikubaaqudgha.
    69 | D        | Found a corrupted altar of Lugonu.
    70 | D        | Found a burning altar of Makhleb.
    71 | D        | Found a sparkling altar of Nemelex Xobeh.
    72 | D        | Found an iron altar of Okawaru.
    73 | D        | Found a stormy altar of Qazlal.
    74 | D        | Found a sacrificial altar of Ru.
    75 | D        | Found a shimmering blue altar of Sif Muna.
    76 | D        | Found a bloodstained altar of Trog.
    77 | D        | Found a hide-covered altar of Uskayaw.
    78 | D        | Found a radiant altar of Vehumet.
    79 | D        | Found an ornate altar of the Wu Jian Council.
    80 | D        | Found a shimmering altar of Xom.
    81 | D        | Found a basalt altar of Yredelemnul.
    82 | D        | Found a glowing silver altar of Zin.
    83 | D        | Found a glowing golden altar of the Shining One.
    85 | D        | Became a worshipper of Uskayaw the Reveler
   293 | D        | Got the +2 rapier "Transmigrator" {freeze, rN+}
   329 | D        | Noticed a necrophage
   329 | D        | Noticed a wyvern
   329 | D        | Noticed a bullfrog
   330 | D        | Reached * piety under Uskayaw
   331 | D        | Killed a necrophage
   331 | D        | Reached XP level 5. HP: 57/57 MP: 4/4
   331 | D        | Reached ** piety under Uskayaw
   335 | D        | Reached skill level 10 in Fighting
   335 | D        | Killed a wyvern
   335 | D        | Reached XP level 6. HP: 61/69 MP: 5/5
   335 | D        | Reached *** piety under Uskayaw
   337 | D        | Reached **** piety under Uskayaw
   338 | D        | Reached ***** piety under Uskayaw
   375 | D        | Noticed a two-headed ogre
   375 | D        | Noticed a purple ugly thing
   375 | D        | Noticed a vampire mosquito
   378 | D        | Reached skill level 1 in Invocations
   381 | D        | Killed a two-headed ogre
   381 | D        | Reached XP level 7. HP: 76/81 MP: 5/10
   381 | D        | Reached XP level 8. HP: 83/89 MP: 5/11
   384 | D        | Killed a purple ugly thing
   434 | D        | Noticed Josephine
   438 | D        | Reached skill level 15 in Fighting
   446 | D        | Reached skill level 15 in Long Blades
   446 | D        | Reached XP level 9. HP: 67/97 MP: 14/14
   449 | D        | Killed Josephine
   452 | D        | Reached skill level 10 in Invocations
   695 | D        | Noticed a spiny frog
   695 | D        | Noticed a komodo dragon
   695 | D        | Noticed a komodo dragon
   699 | D        | Killed a spiny frog
   705 | D        | Killed a komodo dragon
   706 | D        | Noticed a spiny frog
   709 | D        | Killed a komodo dragon
   709 | D        | Reached XP level 10. HP: 100/110 MP: 15/17
   715 | D        | Reached ****** piety under Uskayaw
   719 | D        | Killed a spiny frog
   762 | D        | Noticed a six-headed hydra
   762 | D        | Noticed a spiny frog
   762 | D        | Noticed a torpor snail
   769 | D        | Killed a one-headed hydra
   775 | D        | Killed a spiny frog
   778 | D        | Killed a torpor snail
  1079 | D        | Reached XP level 11. HP: 34/121 MP: 19/19
  1395 | D        | Noticed Psyche
  1401 | D        | Killed Psyche
  1422 | D        | Noticed Sonja
  1441 | D        | Killed Sonja
  1818 | D        | Noticed an orc knight
  1818 | D        | Noticed an orc high priest
  1855 | D        | Killed from afar by an orc high priest

Levels and vault maps discovered:
D:        linesprint [early_d, line_temple, items_1, d_10, items_2, lair_1,
          lair_end, items_3, orc_1, orc_end, items_4, d_15, swamp_1, shoals_1,
          snake_1, spider_1, d_20, vaults_1, items_5, swamp_end, shoals_end,
          snake_end, spider_end, vaults_end, d_27, items_6, zot_1, zot_end,
          crypt_end, forest_end, elf_end, slime_end, tomb_end, abyss_end,
          pan_hell_end]

Skill      XL: |  1  2  3  4  5  6  7  8  9 10 11 |
---------------+----------------------------------+-----
Fighting       | 5 6 7 9 11 14 15 16 18 | 18.9
Long Blades    | 4 6 7 9 11 13 15 16 18 | 18.7
Invocations    | 6 8 10 12 13 | 13.3
Armour         | |  3.6
Shields        | |  3.6

Action                   |  1- 3 |  4- 6 |  7- 9 | 10-12 || total
-------------------------+-------+-------+-------+-------++-------
Melee: Long sword        |    35 |       |       |       ||    35
       Headbutt          |     4 |     2 |     9 |    20 ||    35
       Scimitar          |       |    13 |    34 |    90 ||   137
  Use: Potion            |       |       |       |     2 ||     2
 Stab: Paralysed         |       |     1 |     3 |    12 ||    16
  Eat: Chunk             |       |       |       |     1 ||     1
       Ration            |       |       |       |     1 ||     1
Armor: Scale mail        |    17 |       |       |       ||    17
       Ring mail         |       |     2 |     5 |    23 ||    30
Dodge: Dodged            |     9 |     5 |     6 |    17 ||    37
Block: Shield            |    16 |     2 |    12 |    37 ||    67
       Rpst.: Long sword |     1 |       |       |       ||     1
       Scimitar          |       |     3 |     2 |     4 ||     9

Table legend:
 A = Non-vault XP
 B = Vault XP
 C = Vault XP percentage of total XP
 D = Non-vault monster count
 E = Vault monster count
 F = Vault count percentage of total count
                 A         B        C        D         E       F
            +---------+---------+-------+---------+---------+-------
      Total |       0 |   12406 | 100.0 |       0 |      55 | 100.0
            +---------+---------+-------+---------+---------+-------
          D |       0 |   12406 | 100.0 |       0 |      55 | 100.0
            +---------+---------+-------+---------+---------+-------
